 Dungeon Crawl Stone Soup version 0.22.1-6-g1668fe2 (webtiles) character file.

779 Kairos the Covered (level 7, -3/37 HPs)
             Began as a Vine Stalker Fighter on Jan 26, 2019.
             Slain by a bullfrog (8 damage)
             ... on level 5 of the Dungeon.
             The game lasted 00:04:13 (3181 turns).

Kairos the Covered (Vine Stalker Fighter)           Turns: 3181, Time: 00:04:14

Health: -3/37      AC:  2    Str: 24    XL:     7   Next: 85%
Magic:  0/8        EV:  8    Int:  8    God:
Gold:   178        SH: 10    Dex: 13    Spells: 6/6 levels left

rFire    . . .     SeeInvis .   a - +0 war axe
rCold    . . .     Gourm    .   c - +0 shield
rNeg     . . .     Faith    .   b - +0 scale mail
rPois    +         Spirit   +   (no helmet)
rElec    .         Reflect  .   (no cloak)
rCorr    .         Harm     .   j - +2 pair of gloves
MR       .....                  (no boots)
Stlth    ..........             (no amulet)
HPRegen  0.52/turn              i - +3 ring of strength
MPRegen  0.11/turn              q - ring of poison resistance

@: corroded
A: fangs 2, regeneration 1, magic shield, antimagic bite, no potion heal 3, rot
immunity
a: no special abilities


You were on level 5 of the Dungeon.
You were hungry.

You visited 1 branch of the dungeon, and saw 5 of its levels.

You collected 178 gold pieces.

Inventory:

Hand Weapons
 a - a +0 war axe (weapon)
Armour
 b - a +0 scale mail (worn)
 c - a +0 shield (worn)
 j - a +2 pair of gloves (worn)
Jewellery
 i - a +3 ring of strength (left hand)
 q - a ring of poison resistance (right hand)
 r - an uncursed ring of poison resistance
Scrolls
 e - a scroll of blinking
 g - 2 scrolls of immolation
 k - 3 scrolls of magic mapping
 o - a scroll of amnesia {unknown}
 p - a scroll of enchant weapon {unknown}
 s - a scroll of fog {unknown}
 t - 3 scrolls of teleportation
 v - a scroll of remove curse
Potions
 d - 2 potions of might
 h - 4 potions of curing {unknown}
 l - 5 potions of haste {unknown}
 m - a potion of invisibility {unknown}
 n - 2 potions of flight {unknown}
 u - a potion of berserk rage {unknown}
 w - a potion of magic {unknown}
 x - a potion of ambrosia {unknown}
Comestibles
 f - 5 rations


   Skills:
 + Level 3.8 Fighting
 + Level 4.5 Axes
 + Level 4.6 Armour
 + Level 1.4 Dodging
 + Level 1.0 Stealth
 + Level 4.2 Shields


You had 6 spell levels left.
You didn't know any spells.
Your spell library was empty.

Dungeon Overview and Level Annotations

Branches:
Dungeon (5/15)
 Temple: D:4-7

Altars:
Ashenzari
Cheibriados
Hepliaklqana
Makhleb
Yredelemnul
Zin
The Shining One

Annotations:
D:4 2 transporters


Innate Abilities, Weirdness & Mutations

You have extremely sharp teeth.
Your natural rate of healing is unusually fast.
When hurt, damage is shared between your health and your magic reserves.
Your bite disrupts and absorbs the magic of your enemies.
Potions cannot restore your health.
You are immune to rotting.


Message History

You feel invigorated.
The bullfrog is severely wounded.
The bullfrog hits you.
* * * LOW HITPOINT WARNING * * *
You block the bullfrog's attack. The bullfrog closely misses you.
The bullfrog barely misses you. The bullfrog hits you.
* * * LOW HITPOINT WARNING * * *
The bullfrog hits you.
* * * LOW HITPOINT WARNING * * *
You block the bullfrog's attack. The bullfrog hits you!
* * * LOW HITPOINT WARNING * * *
The bullfrog hits you.
* * * LOW HITPOINT WARNING * * *
The bullfrog hits you.
* * * LOW HITPOINT WARNING * * *
The bullfrog hits you!
You die...

#.# #.# #[# #
###.############.#
####.###
#.##................#
#..<>...
#....#######..####..##
#.##.### ####.# ## #.#
#...####.##)#
##.#######.#
#.#......##.#
#....+_+...#
#...........#
####..###+#
#.######[.......<.#
......# #.#
#..F@.†...#######.#
####..###.###o##..###.#
#.# ........r..r..##..#
#.# #.#
##########...###..###.#
###.# # #............#
#...# # #######.##.###
#.### # #.#### #.# #
#.##_# ##.# # #.##'#
..#


You could see a bullfrog and an orc.

Vanquished Creatures
  Edmund (D:5)
  A phantom (D:4)
  A water moccasin skeleton (D:5)
  A scorpion (D:4)
  2 howler monkeys (D:4)
  A hound (D:5)
  An orc wizard (D:3)
  An orc priest (D:3)
  A jelly (D:5)
  6 worker ants
  A gnoll (D:1)
  6 adders
  An adder skeleton (D:4)
  3 worms
  A dart slug (D:1)
  2 leopard geckos
  5 orcs
  2 ball pythons
  2 bats (D:1)
  5 giant cockroaches
  6 goblins
  4 hobgoblins
  4 kobolds
  2 quokkas (D:2)
  6 frilled lizards
  A quokka zombie (D:5)
  5 rats
72 creatures vanquished.

Notes
Turn   | Place    | Note
-------+----------+-------------------------------------------
     0 | D:1      | Kairos the Vine Stalker Fighter began the quest for the
                  | Orb.
     0 | D:1      | Reached XP level 1. HP: 11/11 MP: 2/2
    51 | D:1      | Reached XP level 2. HP: 16/16 MP: 3/3
   395 | D:1      | Reached XP level 3. HP: 16/19 MP: 4/4
   903 | D:2      | Gained mutation: Your natural rate of healing is unusually
                  | fast. [Vine Stalker growth]
   903 | D:2      | Reached XP level 4. HP: 2/23 MP: 5/5
  1948 | D:3      | Found a hazy altar of Hepliaklqana.
  2059 | D:3      | Reached XP level 5. HP: 28/28 MP: 6/6
  2177 | D:3      | Found a shattered altar of Ashenzari.
  2341 | D:4      | Reached XP level 6. HP: 30/32 MP: 5/7
  2345 | D:4      | Noticed a phantom
  2352 | D:4      | Reached skill level 1 in Stealth
  2374 | D:4      | Killed a phantom
  2374 | D:4      | Reached skill level 1 in Dodging
  2378 | D:4      | Reached XP level 7. HP: 12/36 MP: 2/8
  2677 | D:4      | Found a transporter.
  2680 | D:4      | Found a glowing golden altar of the Shining One.
  2680 | D:4      | Noticed a hungry ghost
  2681 | D:4      | Found a transporter.
  2681 | D:4      | Found a glowing silver altar of Zin.
  2682 | D:4      | Found a burning altar of Makhleb.
  2936 | D:5      | Entered Level 5 of the Dungeon
  2936 | D:5      | Noticed Edmund
  2949 | D:5      | Killed Edmund
  3025 | D:5      | Found a basalt altar of Yredelemnul.
  3134 | D:5      | Found a snail-covered altar of Cheibriados.
  3181 | D:5      | Slain by a bullfrog

Skill      XL: |  1  2  3  4  5  6  7 |
---------------+----------------------+-----
Shields        | 3 4 |  4.2
Axes           | 2 3 4 |  4.5
Fighting       | 3 |  3.8
Armour         | 3 4 |  4.6
Stealth        | 1 |  1.0
Dodging        | 1 |  1.4

Action                   |  1- 3 |  4- 6 |  7- 9 || total
-------------------------+-------+-------+-------++-------
Melee: War axe           |    81 |   107 |    79 ||   267
       Bite              |    20 |    31 |    29 ||    80
  Use: Scroll            |     2 |       |     4 ||     6
  Eat: Chunk             |       |     5 |     2 ||     7
Armor: Scale mail        |    29 |    38 |    23 ||    90
Dodge: Dodged            |    32 |    32 |    41 ||   105
Block: Shield            |    34 |    54 |    45 ||   133
